 Dungeon Crawl Stone Soup version 0.20-a0-1122-gb7cbeb9 (webtiles) character file.

112 EvilAshe the Vandal (level 5, -10/35 HPs)
             Began as a Halfling Hunter on May 13, 2017.
             Killed from afar by an orc wizard (11 damage)
             ... with a puff of flame
             ... on level 3 of the Dungeon.
             The game lasted 00:05:23 (2445 turns).

EvilAshe the Vandal (Halfling Hunter)               Turns: 2445, Time: 00:05:24

Health: -10/35     AC:  3    Str: 18    XL:     5   Next: 16%
Magic:  5/5        EV: 16    Int:  9    God:
Gold:   76         SH:  0    Dex: 16    Spells: 4/4 levels left

rFire    . . .     SeeInvis .   a - +1 hunting sling
rCold    . . .     Gourm    .   (shield restricted)
rNeg     . . .     Faith    .   c - +0 leather armour
rPois    .         Spirit   .   (no helmet)
rElec    .         Reflect  .   (no cloak)
rCorr    .         Harm     .   (no gloves)
MR       .....                  (no boots)
Stlth    ++........             (no amulet)
Regen    0.2/turn               (no ring)
MPRegen  0.1/turn               (no ring)

@: mighty
A: mutation resistance 1
a: no special abilities


You were on level 3 of the Dungeon.
You were not hungry.

You visited 1 branch of the dungeon, and saw 3 of its levels.

You collected 76 gold pieces.

Inventory:

Hand Weapons
 a - a +1 hunting sling (weapon)
 b - a +0 short sword
Missiles
 e - 70 stones (quivered)
Armour
 c - a +0 leather armour (worn)
Jewellery
 h - an uncursed ring of protection from magic {unknown}
 i - an uncursed ring of stealth {unknown}
 r - an uncursed ring of protection from magic {unknown}
 t - a +4 ring of intelligence {unknown}
Wands
 x - a wand of clouds (4/9)
Scrolls
 g - 4 scrolls of remove curse {unknown}
 k - a scroll of immolation {unknown}
 m - 3 scrolls of identify {unknown}
 n - 2 scrolls of teleportation {unknown}
 w - a scroll of fog {unknown}
Potions
 o - a potion of flight {unknown}
 p - a potion of invisibility {unknown}
 q - a potion of agility {unknown}
 v - a potion of lignification {unknown}
Books
 u - a book of Cantrips

   Spells                             Type                      Level
   a - Confusing Touch                Hexes                        1
   b - Animate Skeleton               Necromancy                   1
   c - Summon Small Mammal            Summoning                    1
   d - Apportation                    Translocation                1
Comestibles
 f - 2 bread rations
 s - 2 meat rations
 z - a chunk of flesh


   Skills:
 + Level 2.5 Fighting
 * Level 7.5 Slings
 + Level 3.2 Dodging
 - Level 1.1 Stealth


You had 4 spell levels left.
You didn't know any spells.

Dungeon Overview and Level Annotations

Branches:
Dungeon (3/15)

Altars:
Kikubaaqudgha

Annotations:
D:3 Yakui's ghost, amateur HuGl


Innate Abilities, Weirdness & Mutations

You are small and have problems with some larger weapons.
You are somewhat resistant to further mutation.


Message History

A puff of flame appears from out of thin air!
The puff of flame hits you!
* * * LOW HITPOINT WARNING * * *
Firing (i - inventory):
e - 71 stones (quivered)
Press: ? - help, Shift-Dir - straight line, f - orc
Aim: an orc, wielding a dagger and wearing a chain mail You shoot a stone.
The stone hits the orc but does no damage.
Something hits you.
* * * LOW HITPOINT WARNING * * *
It was a potion of might.
You feel very mighty all of a sudden. Something hits you.
* * * LOW HITPOINT WARNING * * *
Something barely misses you.
It was a potion of magic.
Magic courses through your body.
You hear some strange, mumbled words.
A puff of flame appears from out of thin air!
The puff of flame hits you!
You die...

# #..#... #. #.!#.#
#%.##...(##### #.#
#.....((.....###...
#..##.(###.#......#
.#..##..###.#......#
........(o#.#......#
.....#..#{#.#......#
.....#..#@#.#......#
###..#..............
#.......#.#.....##
##.#....#.#.....##
........#..........
....#...............
.................... .
.....#.##.#)...##.##..
...................


You could see an orc.

Vanquished Creatures
  5 adders
  An ooze (D:3)
  3 worms
  A dart slug (D:2)
  A leopard gecko (D:3)
  An orc (D:3)
  5 bats (D:1)
  A bat zombie (D:2)
  A giant cockroach (D:2)
  5 goblins
  6 hobgoblins
  5 kobolds
  A ball python (D:2)
  6 frilled lizards
  12 rats
  2 rat zombies (D:2)
56 creatures vanquished.

Notes
Turn   | Place    | Note
-------+----------+-------------------------------------------
     0 | D:1      | EvilAshe the Halfling Hunter began the quest for the Orb.
     0 | D:1      | Reached XP level 1. HP: 14/14 MP: 1/1
    82 | D:1      | Reached skill level 6 in Slings
   167 | D:1      | Reached XP level 2. HP: 19/19 MP: 2/2
   371 | D:1      | Reached XP level 3. HP: 23/24 MP: 3/3
  1174 | D:2      | Reached XP level 4. HP: 29/29 MP: 4/4
  1200 | D:2      | Reached skill level 7 in Slings
  1801 | D:2      | Found an ancient bone altar of Kikubaaqudgha.
  2226 | D:3      | Reached XP level 5. HP: 35/35 MP: 5/5
  2267 | D:3      | Noticed Yakui's ghost (amateur HuGl)
  2444 | D:3      | HP: 1/35 [something (3)]
  2445 | D:3      | Killed from afar by an orc wizard

Vault maps used:
D:1:      dpeg_arrival_signposts
D:2:      lemuel_zombie_altar_kikubaaqudgha, minmay_stone_trees_large
D:3:      cheibrodos_thug_alley, glass_columns_a

Skill      XL: |  1  2  3  4 |
---------------+-------------+-----
Slings         | 6 7 |  7.5
Fighting       | 2 |  2.5
Dodging        | 3 |  3.2
Stealth        | |  1.1

Action                   |  1- 3 |  4- 6 || total
-------------------------+-------+-------++-------
Melee: Short sword       |    54 |    52 ||   106
 Fire: Hunting sling     |    38 |    56 ||    94
  Use: Potion            |       |     2 ||     2
 Stab: Sleeping          |       |     2 ||     2
  Eat: Chunk             |       |     5 ||     5
Armor: Leather armour    |    19 |    11 ||    30
Dodge: Dodged            |    51 |    46 ||    97
